 Dungeon Crawl Stone Soup version 0.31-a0-236-g9a0961fb85 (webtiles) character file.

Game seed: 10217793499466061847

47 qw the Shooter (level 3, -2/30 HPs)
             Began as a Minotaur Hexslinger on July 9, 2023.
             Slain by Sigmund
             ... wielding a +1 scythe of protection
              (8 damage)
             ... on level 2 of the Dungeon.
             The game lasted 00:00:23 (821 turns).

qw the Shooter (Minotaur Hexslinger)                 Turns: 821, Time: 00:00:24

Health: -2/30      AC:  3    Str: 12    XL:     3   Next: 48%
Magic:  3/3        EV: 12    Int: 10    God:
Gold:   80         SH:  0    Dex: 14    Spells: 3/4 levels left

rFire   . . .        Y - +1 sling
rCold   . . .        (no shield)
rNeg    . . .        f - +0 leather armour
rPois   .            (helmet restricted)
rElec   .            (no cloak)
rCorr   .            (no gloves)
SInv    .            (no boots)
Will    .....        (no amulet)
Stlth   +            e - +4 ring of slaying {mikee}
HPRegen 0.25/turn    (no ring)
MPRegen 0.08/turn

%: no passive effects
@: no status effects
A: horns 2, retaliatory headbutt
a: no special abilities


You were on level 2 of the Dungeon.
You visited 1 branch of the dungeon, and saw 2 of its levels.

You collected 80 gold pieces.


Innate Abilities, Weirdness & Mutations

You have a pair of horns on your head.
You reflexively headbutt those who attack you in melee.


   Skills:
 - Level 2.4 Fighting
 + Level 3.8 Ranged Weapons
 - Level 2.1 Dodging
 - Level 1.0 Spellcasting
 - Level 2.0 Hexes


You had 3 spell levels left.
You knew the following spells:

 Your Spells              Type           Power      Damage    Failure   Level
a - Slow                  Hex            16%        N/A       19%         1

Your spell library contained the following spells:

 Spells                   Type           Power      Damage    Failure   Level
 Inner Flame              Hex/Fire       2%         N/A       65%         3
 Portal Projectile        Hex/Tloc       4%         N/A       65%         3
 Cause Fear               Hex            2%         N/A       88%         4

Inventory:

Hand Weapons
 Y - a +1 sling (weapon)
Armour
 b - a scarf of repulsion
 f - a +0 leather armour (worn)
Jewellery
 e - a +4 ring of slaying (left hand) {mikee}
Scrolls
 a - 3 scrolls of identify
Potions
 c - a potion of cancellation {unknown}
 d - a potion of heal wounds {unknown}
 g - 2 potions of curing

Dungeon Overview and Level Annotations

Branches:
Dungeon (2/15)

Altars:

Annotations:
D:2 Sigmund


Message History

Enter note:
Enter note: You shoot a sling bullet.
The sling bullet hits the rat.
You kill the rat!
Found a stone staircase leading up.
Enter note:
Enter note:
Enter note:
Enter note:
Enter note:
Enter note:
There is a stone staircase leading up here.
Sigmund the Dreaded comes into view.
He is wielding a +1 scythe of protection.
Enter note:
Enter note:
Enter note:
Enter note:
Enter note:
Enter note: You shoot a sling bullet.
The sling bullet hits Sigmund.
Sigmund is lightly wounded.
You shoot a sling bullet.
The sling bullet closely misses Sigmund.
You shoot a sling bullet.
The sling bullet hits Sigmund but does no damage.
Sigmund is lightly wounded.
You shoot a sling bullet. The sling bullet hits Sigmund.
Sigmund is lightly wounded.
Sigmund hits you from afar with a +1 scythe of protection!
You shoot a sling bullet.
The sling bullet hits Sigmund but does no damage.
Sigmund is lightly wounded.
Sigmund hits you from afar with a +1 scythe of protection!
Enter note:
Enter note:
Enter note:
821 ||| UPGRADING to scarf of repulsion.
Sigmund hits you from afar with a +1 scythe of protection!
Keep equipping yourself?
You die...

##### ##...##
##.....## .
######.......### ..
..^............# ...
######.......#.#
.... # ##.....##.###
..... #
###.....##<..#......
####.........###@.@#
.............#
###..#..
.............#
...... ####
............#.
.....###.. .......[.
#.##.###.# ..##.....
#.##...#.# .....###
... #.##.#...# .#
..##.# #...
#.##.#...# .#
..##.#####..#.##
#.##...#.### .#


You could see Sigmund.

Vanquished Creatures
  2 adders (D:2)
  A worm (D:2)
  A ball python (D:1)
  7 bats
  2 endoplasms (D:2)
  2 giant cockroaches
  2 goblins (D:2)
  A hobgoblin (D:2)
  3 kobolds
  A quokka (D:1)
  2 frilled lizards
  2 rats (D:2)
26 creatures vanquished.

Notes
Turn   | Place    | Note
-------+----------+-------------------------------------------
     0 | D:1      | qw the Minotaur Hexslinger began the quest for the Orb.
     0 | D:1      | Reached XP level 1. HP: 16/16 MP: 1/1
     0 | D:1      | 0 ||| qw: Version: 0.3-a-51-g015441d
     0 | D:1      | 0 ||| qw: Game counter: 4369
     0 | D:1      | 0 ||| qw: Melee chars always use a shield: true
     0 | D:1      | 0 ||| qw: God list: Okawaru
     0 | D:1      | 0 ||| qw: Allow faded altars: false
     0 | D:1      | 0 ||| qw: Do Orc after clearing Dungeon:15 true
     0 | D:1      | 0 ||| qw: Do second Lair branch before Depths: true
     0 | D:1      | 0 ||| qw: Lair rune preference: random
     0 | D:1      | 0 ||| qw: Goals: Normal
     0 | D:1      | 0 ||| PLANNING D:1-11
     1 | D:1      | Noticed an electric eel
   282 | D:1      | Reached skill level 3 in Ranged Weapons
   446 | D:1      | Reached XP level 2. HP: 21/23 MP: 2/2
   479 | D:1      | 479 ||| UPGRADING to +0 leather armour.
   489 | D:1      | 489 ||| DROPPING +0 robe.
   490 | D:1      | 490 ||| UPGRADING to +4 ring of slaying {mikee}.
   491 | D:1      | 491 ||| READING 3 scrolls labelled FUNIRI AVUH.
   492 | D:1      | 492 ||| READING scroll labelled RELUOBBIPP.
   493 | D:1      | 493 ||| READING 2 scrolls of identify.
   493 | D:1      | 493 ||| IDENTIFYING bubbling brown potion
   494 | D:1      | 494 ||| DROPPING scroll of poison.
   592 | D:2      | Reached XP level 3. HP: 30/30 MP: 3/3
   815 | D:2      | Noticed Sigmund
   820 | D:2      | HP: 6/30 [Sigmund/+1 scythe of protection (12)]
   821 | D:2      | 821 ||| UPGRADING to scarf of repulsion.
   821 | D:2      | Slain by Sigmund

Levels and vault maps discovered:
D:1:      arrival_aquarium_a, layout_basic, serial_glass, glass_columns_b,
          glass_columns_a
D:2:      layout_rooms, uniq_sigmund

Skill      XL: |  1  2 |
---------------+-------+-----
Ranged Weapons | 3 |  3.8
Fighting       | 2 |  2.4
Dodging        | |  2.1
Spellcasting   | |  1.0
Hexes          | |  2.0

Action                     || total
---------------------------++-------
   Fire: Sling             ||    87
    Use: Scroll            ||     3
 Armour: Robe              ||     6
         Leather armour    ||     7
  Dodge: Dodged            ||    15

Table legend:
 A = Non-vault XP
 B = Vault XP
 C = Vault XP percentage of total XP
 D = Non-vault monster count
 E = Vault monster count
 F = Vault count percentage of total count
                 A         B        C        D         E       F
            +---------+---------+-------+---------+---------+-------
      Total |      68 |       0 |   0.0 |      26 |       0 |   0.0
            +---------+---------+-------+---------+---------+-------
        D:1 |      15 |       0 |   0.0 |       8 |       0 |   0.0
        D:2 |      53 |       0 |   0.0 |      18 |       0 |   0.0
            +---------+---------+-------+---------+---------+-------
